AoeStats
← Hannibakk

Lombardia

508126065Analyzed
3v3 RM · 11d ago on Sep 21, 2026· 52m 45s· 6 players
Game mode
Random Map
Map size
Normal (6 player)
Population
200
Speed
Normal
Resources
Standard
Victory
Conquest
Starting age
Dark Age
Ending age
Imperial Age
RankedLock teamsTeams togetherTeam positionsShared explorationLock speedFull tech treeHidden civsTurbo modeCheats
Victory
Defeat
🇫🇷 Cumans · France
906
+15
🇺🇸 Portuguese · United States
891
+16
🇺🇸 Persians · United States
870
+17
🇺🇸 Armenians · United States
927
-17
🇺🇸 Spanish · United States
905
-17
🇺🇸 Franks · United States
839
-14
Chevalierpersan
0:38 Loom
10:27 Feudal Age
11:40 Wheelbarrow
10:50 Town Watch
10:54 Double-Bit Axe
11:23 Gold Mining
13:52 Stone Mining
13:45 Horse Collar
23:00 Forging
22:55 Scale Mail Armor
22:46 Fletching
27:36 Castle Age
26:21 Bloodlines
27:08 Scale Barding Armor
28:24 Hand Cart
28:09 Town Patrol
28:52 Heavy Plow
29:06 Bow Saw
29:48 Stone Shaft Mining
29:51 Gold Shaft Mining
30:24 Fervor
30:27 Fervor
38:59 Imperial Age
37:37 Iron Casting
37:23 Chain Barding Armor
37:48 Chain Mail Armor
38:00 Ballistics
37:51 Masonry
38:02 Bodkin Arrow
40:32 Blast Furnace
39:53 Cavalier
40:34 Husbandry
41:06 Conscription
42:35 Plate Mail Armor
42:44 Murder Holes
43:49 Chemistry
42:47 Gambesons
43:02 Squires
43:35 Pikeman
44:01 Arson
45:35 Savar
46:56 Plate Barding Armor
46:32 Halberdier
52:39 Hoardings
dj_gore
10:11 Feudal Age
10:37 Double-Bit Axe
12:36 Horse Collar
14:26 Loom
15:45 Man-at-Arms
16:41 Forging
16:32 Scale Mail Armor
18:14 Gold Mining
21:50 Castle Age
20:20 Padded Archer Armor
20:11 Fletching
22:17 Stone Mining
22:42 Bow Saw
22:23 Crossbowman
24:53 Heavy Plow
26:04 Ballistics
26:12 Town Watch
27:36 Thumb Ring
29:10 Town Patrol
31:14 Leather Archer Armor
33:31 Stone Shaft Mining
33:00 Treadmill Crane
40:47 Imperial Age
38:28 Bodkin Arrow
41:54 Arbalester
43:42 Chemistry
42:39 Murder Holes
44:01 Wheelbarrow
44:25 Elite Organ Gun
45:29 Conscription
48:34 Fortified Wall
Hannibakk
1:12 Loom
9:50 Feudal Age
12:48 Wheelbarrow
25:43 Castle Age
24:23 Double-Bit Axe
26:12 Fletching
26:33 Forging
26:29 Scale Barding Armor
27:01 Hand Cart
27:04 Bow Saw
28:05 Squires
28:20 Capped Ram
29:20 Bodkin Arrow
30:01 Iron Casting
31:19 Thumb Ring
33:34 Gold Mining
33:34 Stone Mining
37:03 Imperial Age
34:52 Steppe Husbandry
35:33 Horse Collar
36:55 Chain Barding Armor
38:07 Conscription
37:34 Siege Ram
39:04 Gold Shaft Mining
38:37 Heavy Plow
38:57 Cuman Mercenaries
40:23 Blast Furnace
39:40 Bloodlines
41:22 Elite Steppe Lancer
43:38 Chemistry
42:58 Ballistics
42:58 Masonry
42:43 Murder Holes
43:06 Light Cavalry
45:00 Heavy Cavalry Archer
46:06 Parthian Tactics
51:02 Padded Archer Armor
52:14 Guilds
Philly Jesus
11:45 Feudal Age
13:37 Double-Bit Axe
16:16 Gold Mining
19:40 Wheelbarrow
20:21 Scale Barding Armor
24:18 Castle Age
22:56 Stone Mining
24:43 Forging
25:18 Husbandry
25:34 Loom
26:30 Bow Saw
28:50 Gold Shaft Mining
28:52 Hand Cart
34:14 #83
34:46 Chain Barding Armor
34:39 Arson
34:56 Squires
39:03 Iron Casting
47:10 Imperial Age
47:23 Cavalier
49:55 Plate Barding Armor
Samwise
11:33 Feudal Age
12:11 Man-at-Arms
13:20 Long Swordsman
16:32 Arson
24:21 Horse Collar
31:27 Forging
31:18 Scale Mail Armor
33:25 Castle Age
36:39 Two-Handed Swordsman
37:22 Squires
50:46 Champion
GatorDan65
7:12 Loom
9:39 Feudal Age
12:41 Double-Bit Axe
13:45 Horse Collar
14:40 Scale Barding Armor
21:29 Castle Age
20:24 Stone Mining
21:20 Bloodlines
23:00 Wheelbarrow
23:33 Padded Archer Armor
23:45 Husbandry
24:18 Heavy Plow
25:01 Hand Cart
25:07 Leather Archer Armor
26:10 Bow Saw
29:25 Fletching
31:12 Bodkin Arrow
32:34 Chain Barding Armor
32:55 Inquisition
32:55 Town Watch
35:04 Gold Mining
38:58 Imperial Age
39:09 Masonry
40:57 Elite Conquistador
42:03 Bracer
42:34 Ring Archer Armor
47:05 Plate Barding Armor
47:43 Chemistry
47:14 Architecture
48:06 Supremacy
49:37 Guard Tower
50:08 Ballistics
52:23 Scale Mail Armor
Connection lost

Rejoining the realm…

Still unreachable

The connection could not be restored.

Session expired

The server has moved on; the page needs a fresh start.